 Dungeon Crawl Stone Soup version 0.22-a0-284-g99d1f74 (webtiles) character file.

138 Amnesiac the Conjurer (level 5, -4/28 HPs)
             Began as a Deep Elf Wizard on Mar 21, 2018.
             Slain by a gnoll (8 damage)
             ... on level 5 of the Dungeon.
             The game lasted 00:02:47 (707 turns).

Amnesiac the Conjurer (Deep Elf Wizard)              Turns: 707, Time: 00:02:48

Health: -4/28      AC:  2    Str:  4    XL:     5   Next: 1%
Magic:  8/13       EV: 13    Int: 24    God:
Gold:   105        SH:  0    Dex: 13    Spells: 2/13 levels left

rFire    . . .     SeeInvis .   (no weapon)
rCold    . . .     Gourm    .   (no shield)
rNeg     . . .     Faith    .   a - +0 robe
rPois    .         Spirit   .   b - +0 hat
rElec    .         Reflect  .   (no cloak)
rCorr    .         Harm     .   (no gloves)
MR       .....                  (no boots)
Stlth    ++........             (no amulet)
HPRegen  0.09/turn              (no ring)
MPRegen  0.13/turn              (no ring)

@: berserk cooldown
A: no striking features
a: no special abilities


You were on level 5 of the Dungeon.
You were not hungry.

You visited 1 branch of the dungeon, and saw 5 of its levels.

You collected 105 gold pieces.

Inventory:

Armour
 a - a +0 robe (worn)
 b - a +0 hat (worn)
Scrolls
 f - 2 scrolls of teleportation {!r, unknown}
 i - a scroll of remove curse {!r, unknown}
 j - a scroll of fear {!r, unknown}
Comestibles
 c - 2 chunks of flesh
 d - 2 rations


   Skills:
 + Level 0.0 Fighting
 - Level 2.4 Dodging
 - Level 2.4 Stealth
 - Level 4.5 Spellcasting
 - Level 5.3 Conjurations
 - Level 1.1 Summonings
 - Level 1.1 Translocations


You had 2 spell levels left.
You knew the following spells:

 Your Spells              Type           Power        Failure   Level  Hunger
a - Magic Dart            Conj           ####         1%          1    None
b - Call Imp              Summ           ##......     9%          2    None
e - Mephitic Cloud        Conj/Pois/Air  ##......     13%         3    ##.....
s - Conjure Flame         Conj/Fire      ###.....     10%         3    ##.....
v - Blink                 Tloc           N/A          9%          2    None


Dungeon Overview and Level Annotations

Branches:
Dungeon (5/15)
 Temple: D:4-7

Altars:
Dithmenos

Annotations:
D:2 Sigmund
D:3 Robin


Message History

Casting: Magic Dart (safe; 1% risk of failure)
Confirm with . or Enter, or press ? or * to list all spells.
You don't have enough magic to cast that spell.
There is a stone staircase leading up here.
The orc wizard gestures at you while chanting.
The orc wizard casts a spell at you.
The magic dart hits something.
A puff of flame appears from out of thin air!
The puff of flame hits you!
Ouch! That really hurt!
* * * LOW HITPOINT WARNING * * *
There is a stone staircase leading down here.
You climb downwards. 2 gnolls and a centaur come into view.
The gnoll shouts!
Found a shadowy altar of Dithmenos.
There is a stone staircase leading up here.
Really quaff
e - a metallic orange potion {!q}?
It was a potion of lignification {!q}.
You turn into a tree.
Your roots penetrate the ground.
Really quaff
g - a blue potion {!q}?
It was a potion of berserk rage {!q}.
A red film seems to cover your vision as you go berserk!
You feel yourself moving faster!
You feel mighty!
The gnoll shouts!
The centaur shouts!
The centaur hits you but does no damage. x2
A gnoll comes into view. It is wielding a spear.
The gnoll shouts!
You hit the centaur.
The centaur is moderately wounded.
The centaur hits you but does no damage.
You smack the centaur!
The centaur is severely wounded.
You smack the centaur!
You kill the centaur!
Training target 4.5 for Conjurations reached!
Your Conjurations skill increases to level 5!
You need to enable at least one skill for training.
You have reached level 4!
You feel clever.
You have reached level 5!
You swing at nothing.
You swing at nothing.
You feel a strong urge to attack something.
You swing at nothing.
You are no longer berserk.
You are exhausted.
You feel yourself slow down.
Really quaff
h - a bubbling blue potion {!q}?
It was a potion of haste {!q}.
You feel yourself speed up. The gnoll hits you but does no damage.
Really quaff
k - a smoky brown potion {!q}?
It was a potion of cancellation {!q}.
Your magical effects are unravelling.
You feel magically purged.
You feel less wooden.
You feel yourself speed up.
You feel yourself slow down. The gnoll misses you. The gnoll hits you.
* * * LOW HITPOINT WARNING * * *
Found 25 stones.
You see here 25 stones.
You aren't carrying any potions.
The gnoll hits you!
You die...

... ..## ... #..###
### ...._# #.# 8..8#
##########.##...####
#......@g...<)......
#.########g#.#######
#.#..gg...#
#g#######g# #.# #.#
#g# #.# #.# #.#
#.#######.#
#.....g...#


You could see 2 gnolls.

Vanquished Creatures
  A centaur (D:5)
  An orc priest (D:4)
  An orc (D:3)
  A giant cockroach (D:3)
  3 goblins
  2 hobgoblins (D:1)
  2 jackals (D:1)
  A quokka (D:2)
  2 kobolds (D:1)
  A quokka skeleton (D:4)
  2 rats
17 creatures vanquished.

Vanquished Creatures (collateral kills)
  A worker ant (D:4)
1 creature vanquished.

Grand Total: 18 creatures vanquished

Notes
Turn   | Place    | Note
-------+----------+-------------------------------------------
     0 | D:1      | Amnesiac the Deep Elf Wizard began the quest for the Orb.
     0 | D:1      | Reached XP level 1. HP: 10/10 MP: 7/7
   213 | D:1      | Reached skill level 2 in Conjurations
   219 | D:1      | Reached XP level 2. HP: 15/15 MP: 0/9
   236 | D:2      | Noticed Sigmund
   404 | D:3      | Learned a level 2 spell: Blink
   407 | D:3      | Learned a level 2 spell: Call Imp
   486 | D:4      | Reached skill level 3 in Conjurations
   595 | D:4      | Noticed an ogre
   634 | D:3      | Noticed Robin
   636 | D:3      | Reached XP level 3. HP: 19/19 MP: 8/11
   644 | D:4      | Learned a level 3 spell: Conjure Flame
   648 | D:4      | Learned a level 3 spell: Mephitic Cloud
   652 | D:4      | Reached skill level 4 in Conjurations
   669 | D:5      | Entered Level 5 of the Dungeon
   669 | D:5      | Found a shadowy altar of Dithmenos.
   669 | D:5      | Noticed a centaur
   674 | D:5      | Killed a centaur
   674 | D:5      | Reached skill level 5 in Conjurations
   674 | D:5      | Reached XP level 4. HP: 13/24 MP: 3/12
   674 | D:5      | Reached XP level 5. HP: 15/28 MP: 3/13
   707 | D:5      | Slain by a gnoll

Vault maps used:
D:1:      zelgadis_glass_arrival_large
D:2:      first_ration, uniq_sigmund
D:3:      grunt_temple_overflow_open, trog_eyes_of_draining, uniq_natasha,
          uniq_robin, uniq_jessica
D:4:      vehumet_statue, kennysheep_mini_moat
D:5:      minitemple

Skill      XL: |  1  2  3 |
---------------+----------+-----
Conjurations   | 2 3 5 |  5.3
Dodging        | |  2.4
Stealth        | |  2.4
Spellcasting   | |  4.5
Summonings     | |  1.1
Translocations | |  1.1

Action                   |  1- 3 |  4- 6 || total
-------------------------+-------+-------++-------
Melee: Unarmed           |     3 |       ||     3
 Cast: Magic Dart        |    38 |       ||    38
       Call Imp          |     2 |       ||     2
       Mephitic Cloud    |     1 |       ||     1
  Use: Potion            |     2 |     2 ||     4
Armor: Robe              |     5 |       ||     5
       Skin              |     3 |     1 ||     4
Dodge: Dodged            |    20 |     1 ||    21

Table legend:
 A = Spawn XP
 B = Non-spawn XP
 C = Spawn XP percentage of total XP
 D = Spawn monster count
 E = Non-spawn monster count
 F = Spawn count percentage of total count
 G = Total turns spent on level
                    A         B        C        D         E        F      G
               +---------+---------+-------+---------+---------+-------+---------
         Total |       0 |     198 |   0.0 |       0 |      18 |   0.0 |   707
               +---------+---------+-------+---------+---------+-------+---------
           D:1 |       0 |      12 |   0.0 |       0 |       7 |   0.0 |   228
           D:2 |       0 |       2 |   0.0 |       0 |       1 |   0.0 |    54
           D:3 |       0 |      10 |   0.0 |       0 |       5 |   0.0 |   149
           D:4 |       0 |      59 |   0.0 |       0 |       4 |   0.0 |   238
           D:5 |       0 |     115 |   0.0 |       0 |       1 |   0.0 |    38
               +---------+---------+-------+---------+---------+-------+---------
